AoeStats
← JorgeLuddSaysNo

Oasis

508686929Analyzed
3v3 RM · 7d ago on Sep 23, 2026· 111m 43s· 6 players
Game mode
Random Map
Map size
Normal (6 player)
Population
200
Speed
Normal
Resources
Standard
Victory
Conquest
Starting age
Dark Age
Ending age
Imperial Age
RankedLock teamsTeams togetherTeam positionsShared explorationLock speedFull tech treeHidden civsTurbo modeCheats
Victory
Defeat
🇺🇸 Tatars · United States
948
+13
🇺🇸 Bohemians · United States
809
+19
🇺🇸 Ethiopians · United States
794
+19
🇬🇧 Lithuanians · United Kingdom
884
-18
🇬🇧 Ethiopians · United Kingdom
876
-17
🇬🇧 Khitans · United Kingdom
858
-16
Helot_boy_Xeones
5:09 Loom
11:13 Feudal Age
16:30 Castle Age
16:36 Fletching
16:46 Padded Archer Armor
17:24 Town Watch
17:44 Horse Collar
18:48 Double-Bit Axe
21:44 Bow Saw
25:22 Bloodlines
26:49 Husbandry
29:31 Wheelbarrow
29:10 Heavy Plow
30:43 Bodkin Arrow
33:16 Light Cavalry
40:17 Imperial Age
38:06 Hand Cart
38:00 Gold Mining
38:04 Stone Mining
38:17 Heavy Plow
39:00 Hand Cart
39:56 Forging
39:53 Scale Barding Armor
41:07 Caravan
41:38 Coinage
42:16 Chain Barding Armor
42:32 Iron Casting
41:52 Heavy Camel Rider
43:42 Banking
44:04 Conscription
44:11 Guilds
43:35 Hussar
45:59 Blast Furnace
45:36 Plate Barding Armor
47:13 Scale Mail Armor
48:16 Crop Rotation
48:01 Silk Armor
47:56 Pikeman
48:36 Squires
49:11 Halberdier
51:50 Ballistics
52:31 Chemistry
66:00 Capped Ram
68:45 Siege Ram
75:25 Town Patrol
106:22 Timurid Siegecraft
huntrixLoL
1:38 Loom
11:46 Feudal Age
20:36 Castle Age
23:06 Fletching
23:19 Padded Archer Armor
23:57 Elite Skirmisher
24:32 Fletching
25:54 Horse Collar
26:01 Double-Bit Axe
44:10 Imperial Age
42:51 Crossbowman
43:39 Thumb Ring
44:24 Arbalester
45:29 Ballistics
45:36 Bodkin Arrow
47:48 Leather Archer Armor
48:36 Chemistry
47:38 Bracer
64:45 Gold Mining
67:41 Gold Shaft Mining
76:44 Halberdier
77:35 Squires
77:21 Arson
78:34 Ring Archer Armor
78:23 Scale Mail Armor
78:33 Forging
82:56 Chain Mail Armor
83:17 Iron Casting
85:46 Caravan
86:18 Coinage
85:58 Guilds
90:07 Conscription
98:00 Blast Furnace
97:31 Plate Mail Armor
97:06 Scale Barding Armor
krook
10:05 Feudal Age
10:38 Horse Collar
10:45 Double-Bit Axe
14:21 Loom
20:31 Castle Age
20:39 Wheelbarrow
19:50 Town Watch
21:51 Heavy Plow
25:28 Pikeman
26:14 Scale Mail Armor
26:24 Forging
27:36 Squires
29:59 Chain Mail Armor
30:19 Iron Casting
29:35 Fletching
31:03 Bow Saw
32:34 Chemistry
35:03 Imperial Age
34:24 Ballistics
33:59 Murder Holes
35:35 Masonry
36:24 Hand Cart
35:59 Town Watch
36:37 Siege Engineers
37:28 Halberdier
38:56 Man-at-Arms
40:58 Plate Mail Armor
41:28 Blast Furnace
40:24 Bodkin Arrow
41:00 Town Patrol
42:09 Two-Man Saw
40:50 Long Swordsman
41:20 Arson
41:58 Two-Handed Swordsman
42:23 Arson
42:57 Caravan
43:14 Champion
44:14 Bracer
45:52 Houfnice
84:23 Coinage
91:27 Conscription
90:28 Elite Hussite Wagon
91:16 Wagenburg Tactics
JorgeLuddSaysNo
13:19 Feudal Age
13:50 Loom
14:12 Double-Bit Axe
17:06 Castle Age
15:22 Gold Mining
16:33 Stone Mining
17:56 Crossbowman
19:14 Fletching
25:09 Wheelbarrow
26:19 Hand Cart
27:54 Scale Mail Armor
28:08 Forging
28:41 Town Watch
33:40 Bow Saw
35:03 Iron Casting
34:29 Scale Mail Armor
34:25 Bodkin Arrow
35:52 Padded Archer Armor
36:59 Horse Collar
38:25 Ballistics
38:53 Gold Shaft Mining
42:27 Imperial Age
41:03 Masonry
41:11 Squires
41:09 Murder Holes
41:01 Arson
44:18 Chemistry
43:25 Siege Engineers
43:53 Conscription
43:23 Capped Ram
44:42 Elite Shotel Warrior
46:17 Heavy Scorpion
56:20 Architecture
56:24 Bracer
57:25 Blast Furnace
56:41 Chain Mail Armor
57:30 Leather Archer Armor
57:07 Arbalester
57:53 Thumb Ring
61:30 Elite Skirmisher
65:29 Siege Ram
80:18 Husbandry
79:42 Light Cavalry
81:17 Scale Barding Armor
81:06 Hussar
84:11 Husbandry
84:58 Chain Barding Armor
104:57 Plate Mail Armor
Attila the John
7:14 Loom
12:17 Feudal Age
16:14 Castle Age
14:01 Double-Bit Axe
14:48 Bloodlines
16:32 Scale Barding Armor
17:21 Wheelbarrow
19:45 Chain Barding Armor
26:39 Forging
28:47 Husbandry
31:20 Iron Casting
35:15 Imperial Age
33:02 Hand Cart
33:31 Gold Mining
33:23 Horse Collar
35:24 Cavalier
36:42 Plate Barding Armor
36:26 Stone Mining
37:19 Paladin
39:29 Bow Saw
43:20 Chemistry
43:21 Stone Shaft Mining
43:49 Two-Man Saw
42:51 Heavy Plow
43:31 Ballistics
57:37 Thumb Ring
57:29 Fletching
57:39 Padded Archer Armor
57:44 Tower Shields
58:30 Elite Skirmisher
59:26 Bodkin Arrow
66:20 Caravan
67:15 Bracer
67:31 Leather Archer Armor
69:21 Light Cavalry
71:33 Sanctity
72:15 Winged Hussar
74:04 Ring Archer Armor
GenghisDoug
14:09 Feudal Age
15:22 Double-Bit Axe
15:19 Domestication
15:39 Stone Mining
19:33 Gold Mining
23:00 Castle Age
28:13 Bow Saw
28:06 Pastoralism
28:48 Stone Shaft Mining
29:24 Forging
29:15 Scale Mail Armor
31:24 Iron Casting
31:05 Chain Mail Armor
35:23 Squires
35:10 Arson
43:44 Imperial Age
42:06 Town Watch
43:00 Wheelbarrow
45:24 Plate Mail Armor
44:28 Elite Liao Dao
58:30 Conscription
58:50 Fletching
59:00 Padded Archer Armor
62:30 Bodkin Arrow
62:51 Leather Archer Armor
64:17 Thumb Ring
63:37 Elite Skirmisher
64:27 Bracer
64:58 Ring Archer Armor
65:34 Ballistics
66:45 Chemistry
Connection lost

Rejoining the realm…

Still unreachable

The connection could not be restored.

Session expired

The server has moved on; the page needs a fresh start.